 Dungeon Crawl Stone Soup version 0.31.0-32-g396128a36d (console) character file.

Game seed: 3099698686280552860

26805 utis the Reanimator (level 12, -5/97 HPs)
             Began as a Demigod Necromancer on Apr 1, 2024.
             Slain by a skyshark (8 damage)
             ... on level 4 of the Lair of Beasts.
             The game lasted 01:32:28 (25207 turns).

utis the Reanimator (Demigod Necromancer)          Turns: 25207, Time: 01:32:29

Health: -5/97      AC: 23    Str: 29    XL:     12   Next: 63%
Magic:  0/32       EV: 15    Int: 21    God:
Gold:   865        SH:  0    Dex: 14    Spells: 3/21 levels left

rFire   . . .        a - +5 dagger {flame, rElec rC+ Str+8}
rCold   + . .        (no shield)
rNeg    . . .        k - +0 plate armour
rPois   .            D - +1 helmet
rElec   +            l - +1 cloak
rCorr   .            C - +1 pair of gloves
SInv    .            z - +2 pair of boots
Will    +....        S - amulet of guardian spirit Stlth
                     K - ring of magical power
HPRegen 0.36/turn    R - +5 ring of evasion
MPRegen 0.23/turn

%: guardian spirit
@: no status effects
A: high MP 1, forlorn, divine attributes
a: no special abilities


You were on level 4 of the Lair of Beasts.
You visited 2 branches of the dungeon, and saw 15 of its levels.

You collected 1048 gold pieces.
You spent 183 gold pieces at shops.

Inventory:

Hand Weapons
 a - the +5 dagger of Starshine (weapon) {flame, rElec rC+ Str+8}
   (You found it on level 3 of the Dungeon)

   Str+8:     It affects your strength (+8).
   rC+:       It protects you from cold.
   rElec:     It insulates you from electricity.
 b - a +3 dagger of venom
 r - a +2 dagger of holy wrath
 H - a +5 scimitar of electrocution
 Z - a +0 rapier
Missiles
 e - 85 stones
 J - 2 curare-tipped darts
 P - 12 poisoned darts
Armour
 k - a +0 plate armour (worn)
 l - a +1 cloak (worn)
 z - a +2 pair of boots (worn)
 C - a +1 pair of gloves (worn)
 D - a +1 helmet (worn)
 V - the +4 ring mail of Viusub {Will+ rCorr}
   (You found it on level 9 of the Dungeon)

   Will+:     It increases your willpower.
   rCorr:     It protects you from acid and corrosion.
Magical Staves
 v - a staff of cold
Jewellery
 c - a ring of poison resistance
 m - a ring of willpower
 A - an amulet of reflection
 E - a ring of willpower
 K - a ring of magical power (left hand)
 R - a +5 ring of evasion (right hand)
 S - an amulet of guardian spirit (around neck)
Wands
 w - a wand of charming (10)
 y - a wand of mindburst (10)
 W - a wand of polymorph (4)
Scrolls
 f - 3 scrolls of fear
 g - a scroll of immolation
 h - 5 scrolls of identify
 i - 6 scrolls of teleportation {@r1}
 j - a scroll of noise
 n - 2 scrolls of fog
 p - 6 scrolls of revelation
 s - a scroll of amnesia
 t - 3 scrolls of blinking
 u - 2 scrolls of vulnerability
 M - 3 scrolls of poison
 U - a scroll of enchant weapon
Potions
 o - 3 potions of enlightenment
 q - a potion of brilliance
 x - 4 potions of curing {@q1}
 B - a potion of haste {@q3}
 F - a potion of ambrosia
 G - 2 potions of mutation {unknown}
 L - a potion of heal wounds {@q2}
 N - a potion of resistance
 O - 3 potions of cancellation
 Q - a potion of attraction
 X - 2 potions of lignification


   Skills:
 + Level 6.6 Fighting
 * Level 7.9 Short Blades
 + Level 7.7 Armour
 - Level 6.1 Dodging
 - Level 1.7 Stealth
 - Level 5.0 Spellcasting
 + Level 13.3 Necromancy
 - Level 5.0 Evocations


You had 3 spell levels left.
You knew the following spells:

 Your Spells              Type           Power      Damage    Failure   Level
n - Animate Dead          Necr           57%        N/A       3%          4
v - Vampiric Draining     Necr           57%        2d10      1%          3
w - Curse of Agony        Necr           57%        N/A       11%         5
W - Sublimation of Blood  Necr           57%        N/A       1%          2
X - Fugue of the Fallen   Necr           57%        N/A       1%          3
Y - Necrotise             Necr           100%       1d9       1%          1

Your spell library contained the following spells:

 Spells                   Type           Power      Damage    Failure   Level
 Call Imp                 Summ           10%        N/A       80%         2
 Inner Flame              Hex/Fire       5%         N/A       95%         3
 Volatile Blastmotes      Fire/Tloc      10%        2d10      95%         3
 Leda's Liquefaction      Alch/Erth      2%         N/A       100%        4
 Irradiate                Conj/Alch      2%         3d12      100%        5
 Lee's Rapid Deconstruct  Erth           2%         3d5*      100%        5
 Bombard                  Conj/Erth      2%         9d1       100%        6
 Summon Hydra             Summ           2%         N/A       100%        7
 Ignition                 Fire           2%         3d3       100%        8
 Fire Storm               Conj/Fire      2%         8d1       100%        9


Dungeon Overview and Level Annotations

Branches:
Dungeon (11/15)            Temple (0/1) D:7            Lair (4/5) D:10
  Swamp (0/4) Lair:3        Snake (0/4) Lair:3        Slime (0/5) Lair:4
    Orc: D:9-12

Shops:
D:3 ?   D:5 ?[=(

Annotations:
D:4 exclusion: downstairs
D:10 Urug


Innate Abilities, Weirdness & Mutations

You have an increased reservoir of magic. (+10% MP)
You shall have no god before yourself.
Your divine heritage dramatically boosts your attributes as you level up.


Message History

You draw life force from the skyshark!
You feel life coursing into your body.
* * * LOW MAGIC WARNING * * *
The skyshark barely misses you. The skyshark tail-slaps you!
* * * LOW HITPOINT WARNING * * *
The skyshark tail-slaps you.
* * * LOW HITPOINT WARNING * * *
Magic courses through your body.
The skyshark bites you but does no damage.
The skyshark tail-slaps you but does no damage. x2
The skyshark bites you but does no damage.
The skyshark tail-slaps you.
* * * LOW HITPOINT WARNING * * *
The skyshark closely misses you.
Casting: Vampiric Draining (safe; 1% risk of failure)
Confirm with . or Enter, or press ? or * to list all spells.
Aiming: Vampiric Draining (safe; 1% risk of failure)
Press: ? - help, Shift-Dir - straight line, f/p - skyshark
Aim: a skyshark (heavily wounded, berserk)
You draw life force from the skyshark!
You feel life coursing into your body.
The skyshark bites you but does no damage.
The skyshark tail-slaps you but does no damage. x2
Casting: Vampiric Draining (safe; 1% risk of failure)
Confirm with . or Enter, or press ? or * to list all spells.
Aiming: Vampiric Draining (safe; 1% risk of failure)
Press: ? - help, Shift-Dir - straight line, f/p - skyshark
Aim: a skyshark (heavily wounded, berserk)
You draw life force from the skyshark!
You feel life coursing into your body.
* * * LOW MAGIC WARNING * * *
The skyshark bites you!
* * * LOW MAGIC WARNING * * *;
* * * LOW HITPOINT WARNING * * *
The skyshark tail-slaps you!
* * * LOW MAGIC WARNING * * *;
* * * LOW HITPOINT WARNING * * *
The skyshark tail-slaps you!
* * * LOW MAGIC WARNING * * *;
* * * LOW HITPOINT WARNING * * *
The skyshark bites you!!
* * * LOW MAGIC WARNING * * *;
* * * LOW HITPOINT WARNING * * *
The skyshark tail-slaps you but does no damage.
The skyshark tail-slaps you!
* * * LOW MAGIC WARNING * * *
You die...

... ░░░░░░░░.░░ ...░░░
..░......░░ ...░.
░░.........░░ .....░...░
░...........░░
.....░....░░░............░░
....░ ░....░.............░
.... ░.................░░
░..░ ░░F..░.............░
░...░░.░p...░...........░
░..░..░░░...░..........░
░.....░░.....░..........
░......░░.░....░░......░░
░.......░░░░░.....░......░
░░......░ ░░░░...░.....░░
░⚶.......░ ░..░..........░
░........░ ░.......░░░░.░░
..........░░░░....░░░ ░
..........░.......░.░
.................░░


You could see a skyshark (berserk).

Vanquished Creatures
  Josephine (Lair:3)
  A hydra (Lair:3)
  A two-headed ogre (D:11)
  A fire crab (D:10)
  A skyshark (Lair:4)
  3 elephants (Lair:3)
  2 black mambas (Lair:3)
  9 cane toads
  A rime drake (Lair:2)
  8 komodo dragons
  2 polar bears
  A troll (D:10)
  A merfolk (D:9)
  7 blink frogs
  A shadow (D:10)
  2 wraiths (Lair:2)
  4 wyverns
  32 yaks
  Grum (D:7)
  4 steam dragons (Lair:3)
  10 water moccasins
  An acid dragon (Lair:3)
  An orc warrior (D:8)
  3 black bears
  2 ogres (D:5)
  2 sky beasts
  14 wolves
  3 centaurs
  2 phantoms
  2 kobold brigands
  20 bullfrogs
  2 gnoll sergeants (D:7)
  A scorpion (D:5)
  4 necrophages
  5 wights
  3 killer bees (D:10)
  A hound (D:6)
  2 jellies (D:6)
  A bombardier beetle (D:7)
  A gnoll bouda (D:8)
  5 orc priests
  2 sleepcaps
  Jessica (D:3)
  Terence (D:3)
  2 iguanas
  9 orc wizards
  6 adders
  15 gnolls
  3 shadow imps
  2 white imps
  2 ufetubi (D:6)
  3 ribbon worms
  2 dart slugs (D:2)
  23 orcs
  11 bats
  6 endoplasms
  A giant cockroach (D:2)
  8 goblins
  8 hobgoblins
  11 jackals
  3 quokkas
  4 ball pythons
  2 frilled lizards
  15 kobolds
  5 rats
313 creatures vanquished.

Vanquished Creatures (collateral kills)
  A swamp dragon (Lair:3)
  A black mamba (Lair:3)
  A komodo dragon (Lair:2)
  3 blink frogs (Lair:3)
  A wraith (Lair:3)
  2 yaks (Lair:3)
  2 water moccasins
  A ball python (D:1)
  A rat (D:1)
13 creatures vanquished.

Vanquished Creatures (others)
  A steam dragon (Lair:3)
  2 blink frog zombies (Lair:2)
  A water moccasin zombie (Lair:3)
  A yak zombie (D:10)
  3 killer bees (D:10)
  3 wolf zombies (Lair:3)
  2 bullfrog zombies (Lair:3)
  3 steam dragon zombies (Lair:3)
16 creatures vanquished.

Grand Total: 342 creatures vanquished

Notes
Turn   | Place    | Note
-------+----------+-------------------------------------------
     0 | D:1      | utis the Demigod Necromancer began the quest for the Orb.
     0 | D:1      | Reached XP level 1. HP: 14/14 MP: 5/5
   152 | D:1      | Reached skill level 4 in Necromancy
   267 | D:1      | Reached XP level 2. HP: 20/20 MP: 4/7
  1351 | D:2      | Reached XP level 3. HP: 27/27 MP: 8/8
  1506 | D:2      | Reached skill level 1 in Short Blades
  2447 | D:3      | Identified the +5 dagger of Starshine {flame, rElec rC+
                  | Str+8}
  2727 | D:3      | Noticed Terence
  2743 | D:3      | Killed Terence
  2744 | D:3      | Reached skill level 1 in Fighting
  2744 | D:3      | Reached skill level 1 in Armour
  2744 | D:3      | Reached XP level 4. HP: 13/35 MP: 9/9
  3036 | D:3      | Found Kaguves's Magic Scroll Emporium.
  3043 | D:3      | Bought a scroll of blinking for 75 gold pieces
  3088 | D:3      | Noticed Jessica
  3101 | D:3      | Killed Jessica
  3384 | D:3      | Learned a level 3 spell: Vampiric Draining
  3495 | D:4      | Reached XP level 5. HP: 37/40 MP: 7/10
  3959 | D:4      | Learned a level 4 spell: Animate Dead
  4149 | D:4      | Got the Textbook on the Red Autopsy
  4515 | D:5      | Entered Level 5 of the Dungeon
  4648 | D:5      | Noticed an ogre
  4787 | D:5      | Found Unabu's Jewellery Boutique.
  4814 | D:5      | Found Fuatsuem's Weapon Shoppe.
  4815 | D:5      | Found Zunalycu's Antique Armour Shoppe.
  4950 | D:5      | Reached skill level 5 in Necromancy
  5012 | D:5      | Found Ereclol's Magic Scroll Boutique.
  5019 | D:5      | Bought a scroll of teleportation for 36 gold pieces
  5019 | D:5      | Bought a scroll of fear for 48 gold pieces
  5019 | D:5      | Bought a scroll of identify for 24 gold pieces
  5094 | D:5      | Noticed an ogre
  5633 | D:5      | Killed an ogre
  5634 | D:5      | Reached XP level 6. HP: 47/47 MP: 6/11
  6046 | D:5      | Found Fuatsuem's Weapon Shoppe.
  6055 | D:5      | Found Zunalycu's Antique Armour Shoppe.
  6063 | D:5      | Found Unabu's Jewellery Boutique.
  6077 | D:5      | Reached skill level 6 in Necromancy
  6194 | D:5      | Found Ereclol's Magic Scroll Boutique.
  7038 | D:6      | Identified the +2 flail of Karma {freeze, MP+9 Int+4}
  7388 | D:6      | Reached XP level 7. HP: 42/55 MP: 13/13
  8815 | D:6      | Reached XP level 8. HP: 58/66 MP: 14/14
  9490 | D:7      | Reached skill level 5 in Dodging
  9509 | D:7      | Found a staircase to the Ecumenical Temple.
 10285 | D:7      | Reached skill level 1 in Evocations
 11348 | D:7      | Learned a level 3 spell: Fugue of the Fallen
 11450 | D:7      | Reached skill level 7 in Necromancy
 11450 | D:7      | Reached XP level 9. HP: 37/73 MP: 16/16
 11850 | D:7      | Reached skill level 8 in Necromancy
 12309 | D:8      | Reached skill level 9 in Necromancy
 13059 | D:8      | Noticed Grum
 13313 | D:7      | Killed Grum
 13314 | D:7      | Reached skill level 10 in Necromancy
 14130 | D:9      | Reached skill level 5 in Armour
 14373 | D:9      | Reached XP level 10. HP: 57/78 MP: 17/17
 14702 | D:9      | Identified the +4 ring mail of Viusub {Will+ rCorr}
 14997 | D:10     | Entered Level 10 of the Dungeon
 15257 | D:9      | Reached skill level 5 in Spellcasting
 15257 | D:9      | Reached skill level 5 in Fighting
 15263 | D:9      | Learned a level 5 spell: Curse of Agony
 15266 | D:9      | Learned a level 2 spell: Sublimation of Blood
 15540 | D:10     | Found a staircase to the Lair.
 15540 | D:10     | Noticed a fire crab
 15571 | D:10     | Killed a fire crab
 15770 | D:10     | Reached skill level 5 in Short Blades
 16048 | D:10     | Noticed Urug
 16841 | D:11     | Noticed a two-headed ogre
 17029 | D:11     | Killed a two-headed ogre
 17371 | Lair:1   | Entered Level 1 of the Lair of Beasts
 17796 | Lair:1   | Reached skill level 5 in Evocations
 17796 | Lair:1   | Reached XP level 11. HP: 72/86 MP: 13/22
 19867 | Lair:2   | Learned a level 4 spell: Animate Dead
 20539 | Lair:2   | Identified the +1 ring mail of Negation {rC++ Will+ Regen+}
 21090 | Lair:3   | Noticed a four-headed hydra
 21430 | Lair:3   | Killed a four-headed hydra
 21431 | Lair:3   | Reached skill level 11 in Necromancy
 21662 | Lair:3   | Found a staircase to the Swamp.
 21662 | Lair:3   | Noticed a swamp dragon
 22430 | Lair:3   | Reached XP level 12. HP: 67/97 MP: 17/23
 22675 | Lair:3   | Noticed Josephine
 22685 | Lair:3   | Killed Josephine
 22892 | Lair:3   | Found a staircase to the Snake Pit.
 23069 | Lair:3   | Reached skill level 12 in Necromancy
 24099 | Lair:3   | Reached skill level 13 in Necromancy
 24796 | Lair:4   | Found a staircase to the Slime Pits.
 25207 | Lair:4   | HP: 3/97 [skyshark (14)]
 25207 | Lair:4   | Slain by a skyshark

Illustrated notes

Levels and vault maps discovered:
D:1:      mrwooster_arrival_statue, layout_loops_ring, nrook_mini_vaults
D:2:      layout_basic, basic_altar
D:3:      layout_loops_corners, nicolae_tso_carved_into_rock, serial_shops,
          nicolae_shop_tiny_statue_garden, uniq_terence, uniq_jessica
D:4:      layout_cave_pools, nicolae_gozag_seed_capital, serial_column_ruins,
          column_ruins_open_small, column_ruins_grid_1, column_ruins_open_tiny,
          column_ruins_columns_straight
D:5:      layout_basic, amethyst_overflow_temple_binary, serial_shops, shop,
          shop_statue, nicolae_shop_advertising_works
          [nicolae_subvault_shop_adworks], nicolae_shop_gaudy_bauble
D:6:      black_bear_nest_2, layout_loops_ring, roderic_batcave,
          hangedman_minor_gate_pass
D:7:      layout_cave_pods, mainiacjoe_overflow_catwalk_spiral,
          minmay_temple_entry_arrows, dreamdust_princess_corridor
D:8:      layout_rooms, mainiacjoe_overflow_six_doors_small,
          nicolae_overflow_hidden_temple, kennysheep_generic_room_10, uniq_grum
D:9:      layout_roguey, lemuel_doored_altar, hangedman_decor_push,
          hangedman_fish_farm
D:10:     layout_long_grid, minmay_lair_entry_lava, nrook_campfire, uniq_urug
D:11:     cheibrodos_magma_flow, layout_irregular_city, minmay_misc_feat_room,
          fedhas_bush_and_centaur_altar, uniq_snorg
Lair:1:   layout_regular_city
Lair:2:   layout_regular_city
Lair:3:   layout_regular_city, mainiacjoe_swamp_entry_lozenge_pond,
          minmay_snake_entry_six_corridors, chequers_serial_rivers_large_b,
          bobbens_dragon_lair_wall, lemuel_fruit_tree, uniq_josephine
Lair:4:   layout_cave_pods, dpeg_slime_entry_corner, grunt_forest_stairs_basic,
          roderic_carrion_pond

Skill      XL: |  1  2  3  4  5  6  7  8  9 10 11 12 |
---------------+-------------------------------------+-----
Necromancy     | 4 5 6 7 10 11 13 | 13.3
Short Blades   | 1 2 3 5 7 |  7.9
Dodging        | 2 3 4 5 6 |  6.1
Fighting       | 1 2 3 4 5 6 |  6.6
Armour         | 1 2 3 4 5 6 7 |  7.7
Spellcasting   | 2 3 5 |  5.0
Evocations     | 2 5 |  5.0
Stealth        | |  1.7

Action                     |  1- 3 |  4- 6 |  7- 9 | 10-12 || total
---------------------------+-------+-------+-------+-------++-------
  Melee: Dagger            |    94 |   158 |   676 |   961 ||  1889
         Short sword       |     3 |       |       |       ||     3
         Punch             |       |       |    12 |    23 ||    35
  Throw: Stone             |     2 |     5 |       |       ||     7
         Dart              |       |       |     2 |       ||     2
   Cast: Necrotise         |    26 |    24 |     9 |    16 ||    75
         Vampiric Draining |       |       |    10 |    64 ||    74
         Curse of Agony    |       |       |       |    51 ||    51
         Animate Dead      |       |       |       |     8 ||     8
  Evoke: Wand              |       |       |       |     8 ||     8
    Use: Scroll            |       |     4 |     7 |    16 ||    27
         Potion            |       |       |     1 |     2 ||     3
   Stab: Distracted        |       |       |       |     3 ||     3
 Armour: Robe              |    13 |       |       |       ||    13
         Ring mail         |    34 |    61 |       |   355 ||   450
         Scale mail        |       |    25 |   277 |       ||   302
         Chain mail        |       |       |   240 |    26 ||   266
         Plate armour      |       |       |       |   247 ||   247
  Dodge: Dodged            |    38 |    71 |   375 |   787 ||  1271
